 Dungeon Crawl Stone Soup version 0.32-a0-391-gce5c0aab1b (webtiles) character file.

Game seed: 2472464946752998531

4 Bravepunisher the Ducker (level 1, -2/11 HPs)
             Began as a Spriggan Monk on Feb 19, 2024.
             Slain by a killer bee (5 damage)
             ... on level 7 of the Dungeon.
             The game lasted 00:02:20 (433 turns).

Bravepunisher the Ducker (Spriggan Monk)             Turns: 433, Time: 00:02:20

Health: -2/11      AC:  2    Str:  7    XL:     1   Next: 58%
Magic:  2/2        EV: 19    Int: 11    God:
Gold:   14         SH:  0    Dex: 17    Spells: 0/0 levels left

rFire   . . .        a - +0 short sword
rCold   . . .        (no shield)
rNeg    . . .        b - +0 robe
rPois   .            (helmet restricted)
rElec   .            (no cloak)
rCorr   .            (gloves unavailable)
SInv    +            (boots unavailable)
Will    .....        (no amulet)
Stlth   +            (no ring)
HPRegen 0.21/turn    (no ring)
MPRegen 0.08/turn

%: no passive effects
@: confused, lethally poisoned (-2 -> -5), ambrosia-drunk, very quick
A: very small, no large weapons, unfitting armour, see invisible, speed 3
a: no special abilities


You were on level 7 of the Dungeon.
You visited 1 branch of the dungeon, and saw 7 of its levels.

You collected 14 gold pieces.

Inventory:

Hand Weapons
 a - a +0 short sword (weapon)
Armour
 b - a +0 robe (worn)
Scrolls
 d - a scroll of fog {unknown}
 e - a scroll of vulnerability {unknown}


   Skills:
 + Level 2.5 Fighting
 - Level 3.2 Short Blades
 * Level 4.3 Dodging


You couldn't memorise any spells.
You didn't know any spells.
Your spell library was empty.

Dungeon Overview and Level Annotations

Branches:
Dungeon (7/15)
 Temple: D:4-7

Altars:

Shops:
D:4 (

Annotations:
D:4 Natasha


Innate Abilities, Weirdness & Mutations

You are very small and have problems with some larger weapons.
You are too small for most types of armour.
You have supernaturally acute eyesight. (SInv)
You cover ground extremely quickly. (Speed+++)


Message History

The killer bee buzzes angrily. x3
Found a helmet and a dark potion.
Found an escape hatch in the floor.
There is a stone staircase leading up here.
Unknown command.
Unknown command.
The killer bee attacks as it pursues you!
The killer bee barely misses you. The hound misses you.
The killer bee attacks as it pursues you!
The killer bee stings you.
You are lethally poisoned!
The killer bee poisons you!
You feel sick.
The killer bee attacks as it pursues you!
The killer bee stings you but does no damage.
The hound pauses to sniff the ground.
The hound attacks as it pursues you! The hound completely misses you.
* * * LOW HITPOINT WARNING * * *
You feel sick.
The killer bee attacks as it pursues you!
The killer bee barely misses you. x2
There is an escape hatch in the floor here.
* * * LOW HITPOINT WARNING * * *
You feel sick. The killer bee closely misses you.
The hound bites you but does no damage. The killer bee barely misses you.
You slide downwards.
The hatch slams shut behind you.
* * * LOW HITPOINT WARNING * * *
You feel sick.
Found a cyan potion.
You are confused.
You feel invigorated.
You feel sick.
The bullfrog croaks.
The iguana hisses angrily.
The killer bee misses you. The hound closely misses you.
The killer bee completely misses you. The killer bee stings you.
* * * LOW HITPOINT WARNING * * *
The hound barely misses you. The killer bee misses you.
Found a dagger.
* * * LOW HITPOINT WARNING * * *
You feel sick. The killer bee stings you.
You die...

####+###
#......#
#......#
#......#
#!.Y...#
#...h.y+
#...y.@#
###..........)
#...........
#..F..l.....
#...........
#...........
####+######+


You could see an ice beast, a bullfrog, an iguana, a hound and 2 killer bees.

Vanquished Creatures
  A goblin (D:1)
  A ball python (D:4)
  A rat (D:3)
3 creatures vanquished.

Notes
Turn   | Place    | Note
-------+----------+-------------------------------------------
     0 | D:1      | Bravepunisher the Spriggan Monk began the quest for the
                  | Orb.
     0 | D:1      | Reached XP level 1. HP: 11/11 MP: 2/2
    73 | D:1      | Found a faded altar of an unknown god.
   234 | D:4      | Found Zosihase's Weapon Boutique.
   240 | D:4      | Noticed an orc wizard
   314 | D:4      | Noticed Natasha
   316 | D:4      | Noticed a cerulean imp
   318 | D:4      | Noticed a cerulean imp
   324 | D:4      | Noticed a cerulean imp
   339 | D:4      | Noticed a bombardier beetle
   342 | D:5      | Entered Level 5 of the Dungeon
   385 | D:5      | Noticed an orc wizard
   385 | D:5      | Noticed an orc wizard
   394 | D:5      | Noticed an iguana
   424 | D:6      | Noticed a killer bee
   424 | D:6      | Noticed a killer bee
   424 | D:6      | Noticed a killer bee
   424 | D:6      | Noticed a killer bee
   424 | D:6      | Noticed a hound
   424 | D:6      | Noticed a hound
   431 | D:7      | Noticed a bullfrog
   431 | D:7      | Noticed an iguana
   431 | D:7      | Noticed an ice beast
   433 | D:7      | Slain by a killer bee

Illustrated notes

Levels and vault maps discovered:
D:1:      lightli_arrival_lavapool, layout_rooms,
          hellmonk_ecumenical_altar_pennies_from_heaven, serial_forest,
          infiniplex_forest_straight_1, infiniplex_forest_join,
          infiniplex_forest_clump_medium, infiniplex_forest_straight_4,
          infiniplex_forest_clump_cross, infiniplex_forest_straight_5,
          infiniplex_forest_diagonal, serial_bayou_pond_b
D:2:      layout_loops_ring, serial_shops, nicolae_shop_overgrown_old_shop
D:3:      kennysheep_goblin_castle, layout_basic, overflow_temple_1_default,
          minmay_pentomino_pile
D:4:      layout_loops_ring, serial_shops, nicolae_shop_bloodbath_and_beyond,
          uniq_pikel, uniq_natasha
D:5:      layout_loops_ring
D:6:      layout_rooms, gup_sewer_entry_glass
D:7:      minmay_inner_zag, layout_gridville, minmay_temple_entry_butterflies

Action                     || total
---------------------------++-------
  Melee: Short sword       ||    13
    Use: Potion            ||     1
 Armour: Robe              ||    13
  Dodge: Dodged            ||    37

Table legend: (Time is in decaauts)
 A = Elapsed time spent in this place.
 B = Non-inter-level travel time spent in this place.
 C = Inter-level travel time spent in this place.
 D = Time resting spent in this place.
 E = Time spent auto-exploring this place.
 F = Levels seen in this place.
 G = Mean time per level.
                   A        B        C        D        E       F      G
               +--------+--------+--------+--------+--------+-----+--------+
         Total |    301 |    301 |      0 |      0 |     96 |   7 |   43.0 |
       Dungeon |    301 |    301 |      0 |      0 |     96 |   7 |   43.0 |
               +--------+--------+--------+--------+--------+-----+--------+

Top non-repeatable levels by time:
     D:4: 129 daAuts
     D:5: 65 daAuts
     D:1: 51 daAuts
     D:3: 37 daAuts
     D:2: 10 daAuts
     D:6: 4 daAuts
     D:7: 1 daAuts
